 Dungeon Crawl Stone Soup version 0.30.1-1-g62c8e00024 (webtiles) character file.

Game seed: 9218296291257445288

14659 cdecastro the Fighter (level 12, -5/94 HPs)
             Began as a Djinni Fire Elementalist on July 16, 2023.
             Was an Initiate of Ashenzari.
             Slain by a catoblepas (shapeshifter) (29 damage)
             ... on level 10 of the Dungeon on July 17, 2023.
             The game lasted 00:40:09 (12076 turns).

cdecastro the Fighter (Djinni Fire Elementalist)   Turns: 12076, Time: 00:40:09

Health: -5/94      AC:  9    Str:  7    XL:     12   Next: 47%
Gold:   375        EV: 14    Int: 23    God:    Ashenzari [......] SH:  0 Dex: 13

rFire   + + +        F - +8 dagger of Iwnof {pain, rF+}
rCold   x . .        (no shield)
rNeg    . . .        N - +0 acid dragon scales
rPois   ∞            i - +0 helmet
rElec   .            I - +0 cloak
rCorr   +            w - +0 pair of gloves
SInv    .            (boots unavailable)
Will    +....        M - amulet of regeneration
Stlth   +            H - ring of the Oracular Sybil {rF+, Melee, Fort} (curse)
HPRegen 1.15/turn    (no ring)
MPRegen 0.00/turn

%: infuse magic (-6 HP)
@: flying
A: sickness immunity, fire resistance 2, cold vulnerability 1, float, innate
caster, HP casting, extra vitality 1
a: Renounce Religion, Curse Item, Shatter the Chains


You were on level 10 of the Dungeon.
You worshipped Ashenzari.
Ashenzari was noncommittal.
You visited 2 branches of the dungeon, and saw 11 of its levels.
You also visited: Sewer and Bailey.

You collected 969 gold pieces.
You spent 594 gold pieces at shops.

Inventory:

Hand Weapons
 A - a +2 short sword of holy wrath
 C - a +0 short sword of venom
 E - the +1 dagger of Putrescence {freeze, rPois rC++ Str-3}
   (You found it on level 7 of the Dungeon)

   Str:       It affects your strength (-3).
   rC:        It greatly protects you from cold.
   rPois:     It protects you from poison.
 F - the +8 dagger of Iwnof (weapon) {pain, rF+}
   (You found it on level 5 of the Dungeon)

   rF:        It protects you from fire.
Missiles
 d - 38 poisoned darts
 j - 2 atropa-tipped darts
 y - 4 curare-tipped darts
Armour
 a - a +0 robe
 i - a +0 helmet (worn)
 w - a +0 pair of gloves (worn)
 I - a +0 cloak (worn)
 N - +0 acid dragon scales (worn)
Jewellery
 H - the cursed ring of the Oracular Sybil (left hand) {rF+, Melee, Fort}
   (You found it on level 7 of the Dungeon)

   [ring of protection from fire]

   rF:        It protects you from fire.
   It has a curse which improves the following skills: Melee Combat: Short
   Blades, Long Blades, Axes, Maces & Flails, Polearms, Staves and Unarmed
   Combat.
   Fortitude: Armour and Shields.
 M - an amulet of regeneration (around neck)
 P - a +4 ring of slaying
 Q - an amulet of the acrobat
Wands
 b - a wand of quicksilver (11)
 c - a wand of flame (28)
Scrolls
 e - 3 scrolls of enchant armour {unknown}
 f - 3 scrolls of amnesia {unknown}
 l - 4 scrolls of teleportation
 m - 5 scrolls of blinking {unknown}
 o - 3 scrolls of fog
 p - 2 scrolls of poison {unknown}
 s - 3 scrolls of vulnerability {unknown}
 u - 3 scrolls of immolation {unknown}
 v - 3 scrolls of fear {unknown}
 G - 5 scrolls of identify
 K - a scroll of torment {unknown}
 O - 2 scrolls of magic mapping
Potions
 g - 4 potions of mutation
 h - 3 potions of haste
 k - 4 potions of magic
 n - 5 potions of lignification
 q - 2 potions of ambrosia {unknown}
 r - 3 potions of curing
 t - a potion of berserk rage {unknown}
 x - a potion of degeneration {unknown}
 z - 2 potions of heal wounds {unknown}
 B - 2 potions of might {unknown}
 D - a potion of resistance {unknown}
 J - 2 potions of attraction {unknown}
 L - a potion of invisibility


   Skills:
 + Level 11.2 Fighting
 * Level 9.1 Dodging
 - Level 1.5 Stealth
 - Level 11.0 Spellcasting


You knew the following spells:

 Your Spells              Type           Power      Damage    Failure   Level
a - Foxfire               Conj/Fire      100%       2x1d9     1%          1
b - Scorch                Fire           100%       2d9       1%          2
c - Volatile Blastmotes   Fire/Tloc      100%       2d18      1%          3
d - Inner Flame           Hex/Fire       59%        N/A       1%          3
e - Flame Wave            Conj/Fire      59%        2d14      1%          4
f - Shock                 Conj/Air       100%       1d9       1%          1
g - Ensorcelled Hibernat  Hex/Ice        100%       N/A       1%          2
h - Vhi's Electric Charg  Tloc/Air       100%       N/A       1%          3
i - Spider Form           Tmut/Pois      59%        N/A       1%          3
j - Lee's Rapid Deconstr  Erth           29%        3d15*     3%          5
Your spell library was empty.

Dungeon Overview and Level Annotations

Branches:
Dungeon (10/15)            Temple (1/1) D:7            Lair (0/5) D:9
  Sewer (visited)          Bailey (visited)
    Orc: D:9-12

Altars:
Ashenzari
Cheibriados
Dithmenos
Elyvilon
Fedhas
Gozag
Hepliaklqana
Makhleb
Nemelex Xobeh
Okawaru
Qazlal
Ru
Trog
Uskayaw
Wu Jian
Xom
Yredelemnul
Zin
The Shining One

Shops:
D:9 ***


Innate Abilities, Weirdness & Mutations

You are immune to sickness and miasma.
You are immune to poison.
Your flesh is very heat resistant. (rF++)
You are vulnerable to cold. (rC-)
You float through the air rather than walking.
You learn spells naturally, not from books.
Your magical power is your life essence.
You have superior vitality. (+4 MHP)


Message History

Unknown command.
Unknown command.
Unknown command.
Press: ? - help, v - describe, . - travel
Here: a catoblepas (lightly wounded)
The floor.
Unknown command.
Casting: Scorch (safe; 1% risk of failure)
Confirm with . or Enter, or press ? or * to list all spells.
Aiming: Ensorcelled Hibernation (safe; 1% risk of failure)
Press: ? - help, Shift-Dir - straight line, f - catoblepas
Aim: a catoblepas (lightly wounded, chance to affect: 10%)
Okay, then.
Unknown command.
Press: ? - help, v - describe, . - travel The floor.
Unknown command.
Unknown command.
Casting: Ensorcelled Hibernation (safe; 1% risk of failure)
Confirm with . or Enter, or press ? or * to list all spells.
A cloud of volatile blastmotes flares up around you!
The catoblepas gores you!!
Unknown command.
The catoblepas attacks as you move away!
The catoblepas gores you!!
* * * LOW HITPOINT WARNING * * *
The cloud of blastmotes explodes!
The concussive blast engulfs the catoblepas!
The catoblepas is moderately wounded.
The concussive blast engulfs you. You resist.
* * * LOW HITPOINT WARNING * * *
You are knocked back by the blast.
Unknown command.
Casting: Volatile Blastmotes (safe; 1% risk of failure)
Confirm with . or Enter, or press ? or * to list all spells.
A cloud of volatile blastmotes flares up around you!
* * * LOW HITPOINT WARNING * * *
The catoblepas attacks as you move away!
The catoblepas gores you!!
You die...

...#.#'#....>....#
...'#...#...###..########
...#+...+...+##.........##
........#................##
....^..................#..###.
.......................#......
................................
.##.####........................
....# #........@Y.........##...
.#..####.#.#..§.§..............
.#.......#.#.#####...§........
.#########...# ###....#..## ##
#.#.# #.......## #...#
###......# ###.# ####.#.# #.#
..... ### ##.###


You could see a catoblepas.

Vanquished Creatures
  An ogre mage (D:10)
  2 two-headed ogres
  A centaur warrior (D:9)
  A tengu warrior (D:10)
  2 orc knights
  Pikel (D:8)
  A deep elf pyromancer (D:9)
  Joseph (D:8)
  Maurice (D:9)
  A yaktaur (D:10)
  An efreet (D:10)
  2 trolls
  Prince Ribbit (D:8)
  A hornet (D:10)
  Sigmund (D:4)
  A wyvern (D:9)
  5 yaks (D:9)
  3 vampire mosquitoes
  A steam dragon (D:9)
  Menkaure (D:7)
  A redback (shapeshifter) (D:9)
  2 acid dragons
  3 water moccasins
  6 orc warriors
  A black bear (D:6)
  2 sky beasts
  3 ogres
  2 lemures
  3 phantoms
  7 centaurs
  7 kobold brigands
  6 bullfrogs
  A scorpion (D:5)
  A gnoll sergeant (D:7)
  14 wights
  A water moccasin skeleton (D:5)
  12 killer bees
  7 howler monkeys
  A spectral bullfrog (D:5)
  7 orc priests
  2 hounds
  3 jellies
  4 sleepcaps
  Terence (D:3)
  6 iguanas
  12 orc wizards
  A spectral howler monkey (D:5)
  Robin (D:2)
  6 gnolls
  A howler monkey skeleton (D:5)
  5 adders
  2 river rats (D:4)
  4 shadow imps
  A white imp (D:7)
  4 worms
  3 dart slugs (D:1)
  41 orcs
  7 bats
  2 endoplasms
  5 giant cockroaches
  17 goblins
  9 hobgoblins
  3 jackals (D:3)
  5 quokkas
  7 ball pythons
  3 frilled lizards
  54 kobolds
  7 rats
332 creatures vanquished.

Vanquished Creatures (collateral kills)
  5 foxfires (Sewer)
5 creatures vanquished.

Vanquished Creatures (others)
  A wizard (D:4)
  1224 foxfires
1225 creatures vanquished.

Grand Total: 1562 creatures vanquished

Notes
Turn   | Place    | Note
-------+----------+-------------------------------------------
     0 | D:1      | cdecastro the Djinni Fire Elementalist began the quest for
                  | the Orb.
     0 | D:1      | cdecastro set off with the following spells memorised:
                  | Foxfire, Scorch, Volatile Blastmotes, Inner Flame, Flame
                  | Wave.
     0 | D:1      | Reached XP level 1. HP: 15/15 MP: 0/0
     2 | D:1      | Noticed a spriggan
     2 | D:1      | Noticed a demonspawn
     4 | D:1      | Noticed an ogre
     4 | D:1      | Noticed a formicid
     6 | D:1      | Noticed a gargoyle
     6 | D:1      | Noticed a meteoran
     8 | D:1      | Noticed an octopode
     8 | D:1      | Noticed a vine stalker
    10 | D:1      | Noticed a tengu
    12 | D:1      | Noticed a vampire
    14 | D:1      | Noticed a human
    16 | D:1      | Noticed a minotaur
    16 | D:1      | Noticed a merfolk
    18 | D:1      | Noticed a troll
    18 | D:1      | Noticed a draconian
    20 | D:1      | Noticed a ghoul
    20 | D:1      | Noticed a felid
    22 | D:1      | Noticed a demigod
    22 | D:1      | Noticed an elf
    24 | D:1      | Noticed a demigod
    24 | D:1      | Noticed an armataur
    26 | D:1      | Noticed an octopode
    26 | D:1      | Noticed a demonspawn
   147 | D:1      | Reached XP level 2. HP: 22/22 MP: 0/0
   343 | D:1      | Reached skill level 1 in Fighting
   491 | D:1      | Reached XP level 3. HP: 22/27 MP: 0/0
   491 | D:1      | Learned a level 1 spell: Shock
   623 | D:2      | Reached XP level 4. HP: 24/33 MP: 0/0
   709 | D:2      | Noticed Robin
   744 | D:2      | Killed Robin
   765 | D:2      | Reached XP level 5. HP: 32/38 MP: 0/0
   765 | D:2      | Learned a level 2 spell: Ensorcelled Hibernation
  1638 | D:3      | Noticed Terence
  1648 | D:3      | Killed Terence
  2489 | D:4      | Found a bloodstained altar of Trog.
  2490 | D:4      | Noticed a wizard
  2496 | D:4      | Killed a wizard
  2616 | D:4      | Reached XP level 6. HP: 15/45 MP: 0/0
  2761 | D:4      | Found a glowing drain.
  2765 | Sewer    | Entered a sewer
  3180 | Sewer    | Reached XP level 7. HP: 44/50 MP: 0/0
  3180 | Sewer    | Learned a level 3 spell: Vhi's Electric Charge
  3337 | D:4      | Noticed Sigmund
  3374 | D:4      | Killed Sigmund
  3375 | D:4      | Reached skill level 5 in Spellcasting
  3886 | D:4      | Found a snail-covered altar of Cheibriados.
  4091 | D:5      | Entered Level 5 of the Dungeon
  4096 | D:5      | Reached XP level 8. HP: 53/58 MP: 0/0
  4205 | D:5      | Reached skill level 5 in Fighting
  4739 | D:5      | Reached XP level 9. HP: 51/66 MP: 0/0
  4739 | D:5      | Learned a level 3 spell: Spider Form
  5390 | D:5      | Identified the +8 dagger of Iwnof {pain, rF+}
  5875 | D:6      | Found a hide-covered altar of Uskayaw.
  6010 | D:6      | Found a sacrificial altar of Ru.
  6011 | D:6      | Found a shadowy altar of Dithmenos.
  6502 | D:7      | Identified the +1 dagger of Putrescence {freeze, rPois rC++
                  | Str-3}
  6564 | D:7      | Reached XP level 10. HP: 69/75 MP: 0/0
  6650 | D:7      | Noticed Menkaure
  6655 | D:7      | Killed Menkaure
  6685 | D:7      | Found a staircase to the Ecumenical Temple.
  6694 | Temple   | Entered the Ecumenical Temple
  6813 | Temple   | Became a worshipper of Ashenzari the Shackled
  7483 | D:7      | Found a burning altar of Makhleb.
  7653 | D:8      | Found a blossoming altar of Fedhas.
  7696 | D:8      | Noticed a two-headed ogre
  7702 | D:8      | Killed a two-headed ogre
  7901 | D:8      | Noticed Joseph
  8164 | D:8      | Noticed Prince Ribbit
  8169 | D:8      | Killed Prince Ribbit
  8468 | D:8      | Noticed Pikel
  8836 | D:8      | Killed Pikel
  8837 | D:8      | Reached skill level 10 in Spellcasting
  8889 | D:9      | Found a flagged portal.
  8893 | D:9      | Noticed Maurice
  8900 | D:9      | Killed Maurice
  8901 | D:9      | Reached XP level 11. HP: 74/84 MP: 0/0
  8901 | D:9      | Learned a level 5 spell: Lee's Rapid Deconstruction
  8902 | D:9      | Noticed a two-headed ogre
  8911 | D:9      | Killed a two-headed ogre
  9076 | Bailey   | Entered a bailey
  9122 | Bailey   | Noticed an orc knight
  9132 | Bailey   | Killed an orc knight
  9804 | D:9      | Noticed a centaur warrior
  9812 | D:9      | Killed a centaur warrior
  9813 | D:9      | Reached skill level 10 in Fighting
  9866 | D:9      | Noticed a swamp dragon
 10036 | D:8      | Killed Joseph
 10181 | D:9      | Found Last's Specific Store.
 10198 | D:9      | a swamp dragon changed into a redback
 10208 | D:9      | Found Huvalex's General Store.
 10212 | D:9      | Bought a potion of invisibility for 96 gold pieces
 10212 | D:9      | Bought an amulet of regeneration for 360 gold pieces
 10212 | D:9      | Bought a scroll of fog for 48 gold pieces
 10369 | D:9      | Found a staircase to the Lair.
 10406 | D:9      | Reached skill level 5 in Dodging
 10522 | D:9      | Noticed a deep elf pyromancer
 10528 | D:9      | Killed a deep elf pyromancer
 10868 | D:9      | Found Ohyum's General Store.
 10876 | D:9      | Bought a scroll of magic mapping for 90 gold pieces
 11056 | D:10     | Entered Level 10 of the Dungeon
 11066 | D:10     | Reached XP level 12. HP: 85/92 MP: 0/0
 11259 | D:10     | Found a glowing silver altar of Zin.
 11259 | D:10     | Found a glowing golden altar of the Shining One.
 11260 | D:10     | Found a white marble altar of Elyvilon.
 11384 | D:10     | Noticed an ogre mage
 11391 | D:10     | Killed an ogre mage
 11629 | D:10     | Noticed a tengu warrior
 11702 | D:10     | Killed a tengu warrior
 12058 | D:10     | Noticed a catoblepas
 12076 | D:10     | Slain by a catoblepas (shapeshifter)

Illustrated notes

Levels and vault maps discovered:
D:1:      kb_arrival_jail, layout_rooms
D:2:      layout_loops_cross, uniq_robin
D:3:      layout_loops_ring, kennysheep_generic_room_9, uniq_terence
D:4:      layout_basic, chei_slow_surprise, trog_wizard, amcnicky_altar_gilded,
          gup_sewer_entry_spiral, uniq_sigmund
D:5:      layout_cave_pools, led_sif_book, dilly_guarded_unrand_morg
D:6:      layout_loops_ring, mainiacjoe_overflow_surrounded_room, minitemple
D:7:      layout_loops_ring, makhleb_grotto_becter,
          minmay_temple_entry_poolview, uniq_menkaure
D:8:      layout_gridville, fedhas_bush_and_centaur_altar, uniq_joseph,
          uniq_prince_ribbit1, uniq_pikel
D:9:      minmay_ornate_pinched, layout_irregular_city, serial_shops, shop,
          enter_bailey_2, nicolae_specific_store, uniq_maurice
D:10:     minmay_the_grid_octo_tiled_squarecenter
          [minmay_the_grid_octo_checkerflower, minmay_the_grid_octo_clover,
          minmay_the_grid_octo_empty, minmay_the_grid_octo_pinwheel,
          minmay_the_grid_square_5x5_megaprize_diamond,
          minmay_the_grid_square_5x5_one_wall,
          minmay_the_grid_square_5x5_almost_minimal,
          minmay_the_grid_square_5x5_tetrominoes,
          minmay_the_grid_square_5x5_intrusive_squares], layout_basic,
          good_gods_temple_1
Temple:   nicolae_temple_figure_zero

Skill      XL: |  1  2  3  4  5  6  7  8  9 10 11 12 |
---------------+-------------------------------------+-----
Fighting       | 1 2 3 4 5 7 9 10 11 | 11.2
Spellcasting   | 3 4 5 7 8 10 11 | 11.0
Dodging        | 6 9 |  9.1
Stealth        | |  1.5

Action                     |  1- 3 |  4- 6 |  7- 9 | 10-12 || total
---------------------------+-------+-------+-------+-------++-------
  Melee: Unarmed           |     1 |       |       |       ||     1
         Dagger            |       |     6 |       |     1 ||     7
         Punch             |       |     1 |       |       ||     1
   Cast: Foxfire           |    48 |   106 |   201 |   343 ||   698
         Scorch            |       |    28 |    50 |   103 ||   181
         Ensorcelled Hiber |       |     3 |       |     2 ||     5
         Inner Flame       |       |     1 |     2 |    16 ||    19
         Lee's Rapid Decon |       |       |       |    15 ||    15
         Volatile Blastmot |       |       |       |     5 ||     5
         Flame Wave        |       |       |       |     1 ||     1
 Invoke: Curse Item        |       |       |       |     1 ||     1
    Use: Scroll            |       |       |     4 |     1 ||     5
   Stab: Sleeping          |       |     2 |       |     1 ||     3
 Armour: Robe              |     2 |     2 |     3 |     4 ||    11
         Acid dragon scale |       |       |       |    22 ||    22
  Dodge: Dodged            |     4 |    11 |    14 |    81 ||   110
